 Dungeon Crawl Stone Soup version 0.19.0-2-gae57169 (webtiles) character file.

7424 DevlanMud the Carver (level 10, 0/77 HPs)
             Began as a Minotaur Fighter on Nov 3, 2016.
             Was a Follower of Hepliaklqana.
             Slain by an orc warrior
             ... wielding a +1 glaive of flaming
              (16 damage)
             ... on level 10 of the Dungeon.
             The game lasted 00:29:28 (9518 turns).

DevlanMud the Carver (Minotaur Fighter)             Turns: 9518, Time: 00:29:28

Health: 0/77       AC: 17    Str: 21    XL:     10   Next: 93%
Magic:  11/11      EV:  8    Int: 13    God:    Hepliaklqana [*.....]
Gold:   634        SH: 11    Dex: 12    Spells: 0 memorised, 9 levels left

rFire  . . .     SeeInvis +     a - +4 scimitar of Spite {holy, Int+7}
rCold  + + .     Gourm    .     H - +1 chain mail {rC+}
rNeg   + + .     Faith    .     c - +0 shield
rPois  .         Spirit   .     (helmet restricted)
rElec  .         Reflect  .     m - +0 cloak
rCorr  +         Harm     .     u - +0 pair of gloves of Ehouzul {rN++}
MR     .....                    D - +2 pair of boots
Stlth  ..........               (no amulet)
                                v - ring of see invisible
                                o - ring of resist corrosion

@: no status effects
A: retaliatory headbutt, reduced essence, horns 2, blurry vision 1, cold
resistance 1, subdued magic 1
a: Recall Ancestor, Ancestor Identity, Renounce Religion


You were on level 10 of the Dungeon.
You worshipped Hepliaklqana.
Hepliaklqana was aware of your devotion.
You were not hungry.

You visited 2 branches of the dungeon, and saw 11 of its levels.
You also visited: Ossuary.

You collected 634 gold pieces.

Inventory:

Hand Weapons
 a - the +4 scimitar of Spite (weapon) {holy, Int+7}
   (You found it on level 9 of the Dungeon)

   It has been blessed by the Shining One to cause great damage to the undead
   and demons.
   It affects your intelligence (+7).
Missiles
 N - a throwing net (quivered)
Armour
 c - a +0 shield (worn)
 m - a +0 cloak (worn)
 u - the +0 pair of gloves of Ehouzul (worn) {rN++}
   (You found it in an ossuary)

   It greatly protects you from negative energy.
 D - a +2 pair of boots (worn)
 H - a +1 chain mail of cold resistance (worn)
Jewellery
 b - the ring of Xom's Amusement {Fire *Contam Str+4 SInv}
   (You took it off a wight on level 7 of the Dungeon)

   [ring of fire]

   It enhances your fire magic.
   It affects your strength (+4).
   It protects you from fire.
   It makes you vulnerable to cold.
   It lets you see invisible.
   It causes magical contamination when unequipped.
 o - a ring of resist corrosion (left hand)
 v - a ring of see invisible (right hand)
 L - an uncursed ring of fire
Wands
 h - a wand of confusion (29/48)
 y - a wand of paralysis (15/24)
 M - a wand of disintegration (16/24)
 O - a wand of flame (2/48)
 P - a wand of slowing (21/48)
 Q - a wand of acid (0/15)
Scrolls
 i - 4 scrolls of remove curse
 l - a scroll of recharging
 n - a scroll of fear
 p - 2 scrolls of teleportation
 q - 2 scrolls of amnesia
 r - a scroll of immolation
 G - a scroll of enchant weapon
 K - a scroll of magic mapping
 S - a scroll of acquirement {unknown}
Potions
 d - a potion of invisibility
 e - a potion of beneficial mutation
 j - 4 potions of haste
 k - a potion of cancellation
 w - 9 potions of curing
 z - 2 potions of might
 B - a potion of berserk rage
 C - 3 potions of heal wounds
 E - 2 potions of agility
 F - 2 potions of magic
 I - a potion of cure mutation
 J - 4 potions of brilliance
 V - a potion of resistance
Comestibles
 f - 7 bread rations
 g - 2 slices of pizza
 s - 2 beef jerkies
 x - 2 meat rations
 A - 3 fruits
 T - 10 royal jellies


   Skills:
 + Level 7.5 Fighting
 * Level 13.9 Long Blades
 + Level 8.0 Armour
 + Level 3.7 Dodging
 + Level 8.9 Shields
 * Level 3.9 Invocations
 + Level 0.1 Evocations


You had 9 spell levels left.
You didn't know any spells.

Dungeon Overview and Level Annotations

Branches:
Dungeon (10/15)            Temple (1/1) D:7            Lair (0/6) D:8
    Orc: D:9-12

Altars:
Ashenzari
Cheibriados
Dithmenos
Elyvilon
Fedhas
Gozag
Hepliaklqana
Kikubaaqudgha
Makhleb
Nemelex Xobeh
Okawaru
Qazlal
Ru
Sif Muna
Trog
Uskayaw
Vehumet
Xom
Yredelemnul
Zin
The Shining One

Shops:
D:4 *


Innate Abilities, Weirdness & Mutations

You reflexively headbutt those who attack you in melee.
You have a pair of horns on your head.
Your life essence is reduced. (-10% HP)
Scrolls take you a little longer to read.
Your flesh is cold resistant. (rC+)
Your spells are a little easier to cast, but a little less powerful.


Message History

Press: ? - help, Shift-Dir - straight line, f - orc warrior
Aim: an orc warrior, wielding a glaive of flaming and wearing a chain mail (heavily wounded, covered in acid)
The puff of flame hits the orc warrior.
The orc warrior is severely wounded.
Evoking this partially-identified wand wasted a few charges.
Evoke which item? (* to show all) (? for menu, Esc to quit)
Zapping:
O - a wand of flame {zapped: 3} (will waste charges)
Press: ? - help, Shift-Dir - straight line, f/p - orc warrior
Aim: an orc warrior, wielding a glaive of flaming and wearing a chain mail (severely wounded, covered in acid)
The puff of flame hits the orc warrior.
The orc warrior is almost dead.
Evoking this partially-identified wand wasted a few charges.
Evoke which item? (* to show all) (? for menu, Esc to quit)
Zapping:
O - a wand of flame {zapped: 5} (will waste charges)
Press: ? - help, Shift-Dir - straight line, f/p - orc warrior
Aim: an orc warrior, wielding a glaive of flaming and wearing a chain mail (severely wounded, covered in acid)
The puff of flame misses the orc warrior.
Evoking this partially-identified wand wasted a few charges.
The orc warrior hits you from afar with a glaive of flaming!
You die...

# #................. .####
(.####.......#### ....#
#.####.......# #.#.#
#............# # ....#
######.......# #.####.#.#
##.......# #......#.#
##........#
#...(..#.#######......####
#...#.))....@(###...#.# #.
####.####.oo.o))(.#
........# #########.##
...###### #.)o#
#..)oo.o....
......#.o......
#........#.#....
#######...##.... ##### ###


You could see an orc warrior, an orc priest and an orc.

Vanquished Creatures
  A hill giant (D:10)
  Joseph (D:8)
  A troll (D:8)
  A hippogriff (D:10)
  Sigmund (D:4)
  A warg (D:8)
  Menkaure (D:4)
  Duvessa (D:4)
  A water moccasin (D:8)
  2 phantoms
  6 ice beasts
  6 orc warriors
  2 black bears
  3 ogres
  4 centaurs
  8 bullfrogs
  An elf zombie (Ossuary)
  Dowan (D:4)
  2 scorpions
  5 killer bees (D:9)
  8 wights
  A howler monkey (D:7)
  3 crimson imps
  A human zombie (Ossuary)
  A centaur zombie (D:8)
  3 orc priests
  4 jellies
  A hound (D:7)
  A water moccasin simulacrum (D:10)
  2 centaur skeletons (D:7)
  3 bullfrog skeletons
  11 orc wizards
  3 worker ants
  4 iguanas
  A big kobold zombie (Ossuary)
  A hound skeleton (D:9)
  4 mummies (Ossuary)
  4 gnolls (D:5)
  8 adders
  A shadow imp (D:5)
  5 oozes
  3 adder zombies
  2 adder skeletons
  A worm (D:2)
  2 dart slugs
  9 leopard geckos
  32 orcs
  2 giant cockroaches
  3 hobgoblins
  7 jackals
  5 quokkas
  5 bats
  5 frilled lizards
  8 goblins
  A goblin zombie (Ossuary)
  3 hobgoblin zombies (Ossuary)
  2 jackal skeletons
  2 jackal zombies (Ossuary)
  5 kobolds
  A leopard gecko zombie (D:8)
  An orc zombie (Ossuary)
  3 rats
221 creatures vanquished.

Vanquished Creatures (collateral kills)
  A hill giant (D:10)
  A warg (D:8)
  An orc warrior (D:7)
  2 scorpions (D:8)
  A hound (D:8)
  A jelly (D:9)
  An orc wizard (D:7)
  A bullfrog skeleton (D:8)
  A worker ant zombie (D:7)
  A shadow imp (D:8)
  An ooze (D:9)
  A leopard gecko (D:8)
  A giant cockroach (D:7)
14 creatures vanquished.

Vanquished Creatures (others)
  An ancestor (D:10)
1 creature vanquished.

Grand Total: 236 creatures vanquished

Notes
Turn   | Place    | Note
-------+----------+-------------------------------------------
     0 | D:1      | DevlanMud the Minotaur Fighter began the quest for the Orb.
     0 | D:1      | Reached XP level 1. HP: 19/19 MP: 0/0
   214 | D:1      | Reached XP level 2. HP: 13/27 MP: 1/1
   446 | D:1      | Reached skill level 3 in Long Blades
   939 | D:2      | Reached XP level 3. HP: 33/33 MP: 2/2
  1627 | D:2      | Reached skill level 4 in Long Blades
  1893 | D:3      | Reached XP level 4. HP: 26/40 MP: 3/3
  2609 | D:3      | Reached XP level 5. HP: 44/46 MP: 4/4
  2629 | D:4      | Found Ifajeg's General Store.
  2680 | D:4      | Reached skill level 5 in Long Blades
  2733 | D:4      | Noticed Menkaure
  2755 | D:4      | Killed Menkaure
  2755 | D:4      | Reached skill level 6 in Long Blades
  2755 | D:4      | Reached XP level 6. HP: 5/53 MP: 5/5
  3088 | D:4      | Noticed Sigmund
  3154 | D:4      | Killed Sigmund
  3154 | D:4      | Reached skill level 7 in Long Blades
  3154 | D:4      | Reached XP level 7. HP: 54/60 MP: 6/6
  3240 | D:4      | Reached skill level 5 in Fighting
  3240 | D:4      | Reached skill level 5 in Armour
  3300 | D:4      | Noticed Duvessa
  3365 | D:4      | Killed Duvessa
  3365 | D:4      | Reached skill level 1 in Dodging
  3365 | D:4      | Reached skill level 5 in Shields
  3373 | D:4      | Noticed Dowan
  3378 | D:4      | Killed Dowan
  3378 | D:4      | Reached skill level 8 in Long Blades
  3740 | D:5      | Entered Level 5 of the Dungeon
  4051 | D:5      | Reached XP level 8. HP: 68/68 MP: 7/7
  4065 | D:5      | Reached skill level 9 in Long Blades
  4522 | D:5      | Gained mutation: Your flesh is cold resistant. (rC+) [potion of mutation]
  4522 | D:5      | Gained mutation: Your spells are a little easier to cast, but a little less powerful. [potion of mutation]
  4522 | D:5      | Gained mutation: Scrolls take you a little longer to read. [potion of mutation]
  4575 | D:6      | Found a shattered altar of Ashenzari.
  5092 | D:7      | Reached skill level 10 in Long Blades
  5118 | D:7      | Found a sand-covered staircase.
  5122 | Ossuary  | Entered an ossuary
  5330 | Ossuary  | Got a pair of heavily runed gloves
  5336 | Ossuary  | Identified the +0 pair of gloves of Ehouzul {rN++} (You found it in an ossuary)
  5598 | D:7      | Reached XP level 9. HP: 66/75 MP: 8/8
  5682 | D:7      | Reached skill level 11 in Long Blades
  5687 | D:7      | Got a serpentine lead ring
  5690 | D:7      | Identified the ring of Xom's Amusement {Fire *Contam Str+4 SInv} (You took it off a wight on level 7 of the Dungeon)
  5776 | D:7      | Found a staircase to the Ecumenical Temple.
  5781 | Temple   | Entered the Ecumenical Temple
  5858 | Temple   | Became a worshipper of Hepliaklqana the Forgotten
  6320 | D:7      | Reached skill level 1 in Invocations
  6753 | D:8      | Noticed a troll
  6767 | D:8      | Killed a troll
  6784 | D:8      | Reached skill level 12 in Long Blades
  6989 | D:8      | Found a staircase to the Lair.
  7105 | D:8      | Reached * piety under Hepliaklqana
  7142 | D:8      | Reached XP level 10. HP: 74/75 MP: 10/10
  7163 | D:8      | Noticed Joseph
  7180 | D:8      | Killed Joseph
  7685 | D:9      | Got a steaming scimitar
  7688 | D:9      | Identified the +4 scimitar of Spite {holy, Int+7} (You found it on level 9 of the Dungeon)
  7857 | D:9      | Found a sparkling altar of Nemelex Xobeh.
  8419 | D:9      | Reached skill level 13 in Long Blades
  8653 | D:10     | Entered Level 10 of the Dungeon
  8934 | D:10     | Noticed a hill giant
  8939 | D:10     | Killed a hill giant
  9194 | D:10     | Noticed a hill giant
  9205 | D:10     | Killed a hill giant
  9518 | D:10     | Slain by an orc warrior

Skill      XL: |  1  2  3  4  5  6  7  8  9 10 |
---------------+-------------------------------+-----
Long Blades    | 3 4 6 7 8 10 12 13 | 13.9
Armour         | 4 5 6 8 |  8.0
Fighting       | 4 5 6 7 |  7.5
Shields        | 4 5 6 7 8 |  8.9
Dodging        | 1 2 3 |  3.7
Invocations    | 2 3 |  3.9
Evocations     | |  0.1

Action                   |  1- 3 |  4- 6 |  7- 9 | 10-12 || total
-------------------------+-------+-------+-------+-------++-------
Melee: Long sword        |   104 |    75 |   426 |    32 ||   637
       Headbutt          |    19 |    19 |    90 |    40 ||   168
       Scimitar          |       |       |       |   156 ||   156
Invok: Ancestor Identity |       |       |     1 |       ||     1
       Recall Ancestor   |       |       |       |     1 ||     1
Evoke: Wand              |       |       |       |     8 ||     8
  Use: Potion            |     1 |     4 |     4 |       ||     9
       Scroll            |     2 |       |    16 |     5 ||    23
 Stab: Distracted        |       |       |     1 |     1 ||     2
       Confused          |       |       |       |     1 ||     1
  Eat: Chunk             |     3 |     4 |    12 |     6 ||    25
       Pizza             |       |       |     1 |       ||     1
       Royal jelly       |       |       |       |     1 ||     1
Armor: Scale mail        |    34 |    30 |    83 |       ||   147
       Chain mail        |       |       |    58 |    70 ||   128
Dodge: Dodged            |    25 |    21 |   121 |    42 ||   209
Block: Shield            |    46 |    31 |   178 |    93 ||   348
       Rpst.: Long sword |     6 |     3 |    31 |       ||    40
       Scimitar          |       |       |       |     9 ||     9
